[Event "ICC tourney 2532 (25 5)"]
[Site "Internet Chess Club"]
[Date "2021.04.25"]
[Round "5"]
[White "NOAM KUTIKOV, JONAH:K12-15612157"]
[Black "SHAH GUSTAFSSON, LINNEA:K12-16094078"]
[Result "1-0"]
[ICCResult "Black resigns"]
[WhiteElo "1564"]
[BlackElo "1041"]
[Opening "Petrov: Nimzovich attack"]
[ECO "C42"]
[NIC "RG.03"]
[Time "11:01:43"]
[PlyCount "61"]
[TimeControl "1500+5"]

1. e4 e5 2. Nf3 Nf6 3. Nxe5 d6 4. Nf3 Nxe4 5. Nc3 Nxc3 6. bxc3 Be7 7. d4
Bg4 8. Bd3 O-O 9. O-O Nc6 10. Rb1 Rb8 11. Bf4 Bf6 12. Re1 Re8 13. Rxe8+
Qxe8 14. h3 Bd7 15. Bg5 Bxg5 16. Nxg5 h6 17. Qh5 Ne7 18. Re1 Be6 19. Nxe6
fxe6 20. Qxe8+ Rxe8 21. Rxe6 Kf7 22. Re3 Nd5 23. Bg6+ Kxg6 24. Rxe8 Nxc3
25. Re3 Nxa2 26. Ra3 Nb4 27. Rxa7 Nxc2 28. Rxb7 Nxd4 29. Rxc7 Nb5 30. Rc6
Kf5 31. Rb6 { Black resigns } 1-0

[Event "ICC tourney 2532 (25 5)"]
[Site "Internet Chess Club"]
[Date "2021.04.25"]
[Round "5"]
[White "MCCANN, ANDREW:K12-15045914"]
[Black "ANGELA ZHENG, CARISSA:K12-15612136"]
[Result "0-1"]
[ICCResult "White resigns"]
[WhiteElo "392"]
[BlackElo "1974"]
[Opening "Caro-Kann: advance variation"]
[ECO "B12"]
[NIC "CK.04"]
[Time "11:01:47"]
[PlyCount "56"]
[TimeControl "1500+5"]

1. e4 c6 2. d4 d5 3. e5 Bf5 4. Nf3 e6 5. Bd3 Bxd3 6. Qxd3 c5 7. c3 Nc6 8.
O-O Nge7 9. b3 Nf5 10. Be3 Be7 11. c4 dxc4 12. bxc4 cxd4 13. Bf4 h5 14.
Nbd2 g5 15. Bxg5 Bxg5 16. Rab1 Bxd2 17. Qxd2 Qc7 18. Qe2 O-O-O 19. h3 Rhg8
20. a4 d3 21. Qe4 d2 22. Rfd1 Nfd4 23. Rb2 Nxf3+ 24. Qxf3 Nxe5 25. Qxh5 Qc6
26. g3 Nf3+ 27. Kf1 Rh8 28. Qg4 Nh2+ { White resigns } 0-1

[Event "ICC tourney 2532 (25 5)"]
[Site "Internet Chess Club"]
[Date "2021.04.25"]
[Round "5"]
[White "GALVEZ, ELIAN:K12-16711723"]
[Black "LENCZ, ETHAN:K12-15209290"]
[Result "0-1"]
[ICCResult "White checkmated"]
[WhiteElo "481"]
[BlackElo "1070"]
[Opening "Sicilian defense"]
[ECO "B30"]
[NIC "SI.31"]
[Time "11:02:19"]
[PlyCount "74"]
[TimeControl "1500+5"]

1. e4 c5 2. Nf3 Nc6 3. c3 g6 4. d4 cxd4 5. cxd4 Bg7 6. d5 Nb4 7. Bd2 Na6 8.
Nc3 d6 9. Bb5+ Bd7 10. Qa4 Nc5 11. Bxd7+ Qxd7 12. Qxd7+ Nxd7 13. O-O Ngf6
14. h3 Nc5 15. e5 dxe5 16. Nxe5 Rd8 17. b4 Nce4 18. Bg5 Nxc3 19. d6 Rxd6
20. Nf3 Ne2+ 21. Kh1 Ne4 22. Bf4 Nxf4 23. Rac1 O-O 24. b5 Ne2 25. Rce1
N2g3+ 26. fxg3 Nxg3+ 27. Kg1 Nxf1 28. Kxf1 Re8 29. a4 a6 30. bxa6 Rxa6 31.
Ra1 Bxa1 32. Ne5 Rxa4 33. g4 Rd8 34. Nxf7 Kxf7 35. h4 Ra2 36. Ke1 Bc3+ 37.
Kf1 Rd1# { White checkmated } 0-1

[Event "ICC tourney 2532 (25 5)"]
[Site "Internet Chess Club"]
[Date "2021.04.25"]
[Round "5"]
[White "YORISH, MARK:K12-17264384"]
[Black "TRAN, JACEY:K12-15174202"]
[Result "1-0"]
[ICCResult "Black checkmated"]
[WhiteElo "987"]
[BlackElo "1538"]
[Opening "Sicilian defense"]
[ECO "B20"]
[NIC "SI.48"]
[Time "11:01:59"]
[PlyCount "43"]
[TimeControl "1500+5"]

1. e4 c5 2. b3 d6 3. Bb2 Nf6 4. Bb5+ Nc6 5. d3 a6 6. Bxc6+ bxc6 7. Ne2 e6
8. O-O Be7 9. Nd2 O-O 10. h3 Qc7 11. f4 Nd7 12. Qe1 Bf6 13. Bxf6 Nxf6 14.
Nf3 e5 15. fxe5 dxe5 16. Qc3 Nd7 17. Ng3 Re8 18. Qc4 Qa5 19. Ng5 Re7 20.
Rxf7 Nb6 21. Rxe7+ Nxc4 22. Re8# { Black checkmated } 1-0

[Event "ICC tourney 2532 (25 5)"]
[Site "Internet Chess Club"]
[Date "2021.04.25"]
[Round "5"]
[White "VINAY HIREMATH, ROMIR:K12-16455165"]
[Black "HOWARD MCNUTT, WILLIAM:K12-14715106"]
[Result "0-1"]
[ICCResult "White resigns"]
[WhiteElo "1191"]
[BlackElo "1941"]
[Opening "Queen's pawn, Mason variation"]
[ECO "D00"]
[NIC "QP.08"]
[Time "11:03:45"]
[PlyCount "48"]
[TimeControl "1500+5"]

1. d4 d5 2. Bf4 Nf6 3. e3 c5 4. c3 Qb6 5. Qb3 c4 6. Qxb6 axb6 7. a3 Nc6 8.
Nd2 b5 9. Ngf3 h6 10. Be2 Bf5 11. O-O e6 12. h3 Be7 13. Rfe1 O-O 14. Ne5
Nxe5 15. Bxe5 Nd7 16. Bg3 Nb6 17. Bc7 Na4 18. Ra2 Rfc8 19. Bg3 b4 20. axb4
Nxc3 21. Rxa8 Nxe2+ 22. Rxe2 Rxa8 23. b5 Ra1+ 24. Kh2 Bd3 { White resigns }
0-1

[Event "ICC tourney 2532 (25 5)"]
[Site "Internet Chess Club"]
[Date "2021.04.25"]
[Round "5"]
[White "HUANG, ANDREW:K12-15187612"]
[Black "CHA, SAMUEL:K12-30048965"]
[Result "1-0"]
[ICCResult "Black resigns"]
[WhiteElo "1967"]
[BlackElo "1323"]
[Opening "French: advance, Paulsen attack"]
[ECO "C02"]
[NIC "FR.03"]
[Time "11:01:00"]
[PlyCount "47"]
[TimeControl "1500+5"]

1. d4 e6 2. e4 d5 3. e5 c5 4. c3 Nc6 5. Nf3 Qb6 6. Be2 Nh6 7. Bxh6 gxh6 8.
Qd2 Rg8 9. g3 Bd7 10. O-O cxd4 11. cxd4 O-O-O 12. Nc3 Qa5 13. a3 Qb6 14.
Rfc1 Kb8 15. b4 Rg6 16. Na4 Qc7 17. b5 Bg7 18. bxc6 Bxc6 19. Nc5 Bf8 20.
Rab1 Ka8 21. Nxb7 Rb8 22. Na5 Rxb1 23. Rxb1 Bxa3 24. Qc3 { Black resigns }
1-0

[Event "ICC tourney 2532 (25 5)"]
[Site "Internet Chess Club"]
[Date "2021.04.25"]
[Round "5"]
[White "GARZA, AARON:K12-15086083"]
[Black "D BLOCK, JONAH:K12-15976216"]
[Result "1-0"]
[ICCResult "Black checkmated"]
[WhiteElo "970"]
[BlackElo "436"]
[Opening "Four knights: Italian variation"]
[ECO "C47"]
[NIC "KP.06"]
[Time "11:02:02"]
[PlyCount "81"]
[TimeControl "1500+5"]

1. e4 e5 2. Nf3 Nc6 3. Nc3 Nf6 4. Bc4 Nxe4 5. Nxe4 d5 6. Bxd5 Qxd5 7. Nc3
Qd8 8. Qe2 Bd6 9. d4 O-O 10. dxe5 Bxe5 11. Nxe5 Nxe5 12. O-O Re8 13. Qb5 c6
14. Qc5 b6 15. Qe3 Bb7 16. Qg3 Re6 17. f3 c5 18. Kh1 Qe8 19. Re1 Rd8 20.
Bf4 f6 21. Ne4 Bxe4 22. Rxe4 Qd7 23. Ree1 g5 24. Bxg5 f5 25. Bxd8+ Rg6 26.
Qxe5 Qxd8 27. Qe8+ Qxe8 28. Rxe8+ Kf7 29. Ra8 a5 30. Rb8 Re6 31. Kg1 c4 32.
Rb7+ Kf6 33. Rd1 Kg5 34. g3 f4 35. Rd5+ Kf6 36. gxf4 Re1+ 37. Kf2 Ra1 38.
Rxb6+ Ke7 39. Rxa5 Rc1 40. Ra7+ Kd8 41. Rb8# { Black checkmated } 1-0

[Event "ICC tourney 2532 (25 5)"]
[Site "Internet Chess Club"]
[Date "2021.04.25"]
[Round "5"]
[White "WANG, LUKE:K12-14250470"]
[Black "HUNG, DANIEL:K12-14504425"]
[Result "0-1"]
[ICCResult "White resigns"]
[WhiteElo "2016"]
[BlackElo "2185"]
[Opening "English opening"]
[ECO "A20"]
[NIC "EO.24"]
[Time "11:02:20"]
[PlyCount "50"]
[TimeControl "1500+5"]

1. c4 e5 2. g3 Nc6 3. Bg2 Nf6 4. Nc3 Bc5 5. Nf3 d6 6. O-O O-O 7. d3 a6 8.
a3 Ba7 9. b3 Be6 10. Bb2 Qd7 11. Ng5 Bf5 12. Nd5 Nxd5 13. cxd5 Ne7 14. e4
Bg4 15. Qd2 f6 16. Nf3 Bh3 17. Rac1 Bxg2 18. Kxg2 f5 19. Rc2 h6 20. Rfc1
Bb6 21. Bc3 fxe4 22. dxe4 Qg4 23. Qd1 Ng6 24. Bd2 Rxf3 25. Qxf3 Nh4+ {
White resigns } 0-1

[Event "ICC tourney 2532 (25 5)"]
[Site "Internet Chess Club"]
[Date "2021.04.25"]
[Round "5"]
[White "IYER, AKSHAT:K12-15718767"]
[Black "COLE HEINRICH, SAMUEL:K12-16207602"]
[Result "1-0"]
[ICCResult "Black resigns"]
[WhiteElo "1621"]
[BlackElo "1068"]
[Opening "Sicilian: Labourdonnais-Löwenthal variation"]
[ECO "B32"]
[NIC "SI.32"]
[Time "11:02:25"]
[PlyCount "107"]
[TimeControl "1500+5"]

1. e4 c5 2. Nf3 Nc6 3. d4 cxd4 4. Nxd4 e5 5. Nf3 Nf6 6. Nc3 Bb4 7. Bd3 d6
8. a3 Ba5 9. Bd2 a6 10. Nd5 Bxd2+ 11. Qxd2 Nxd5 12. exd5 Ne7 13. c4 Bf5 14.
Bxf5 Nxf5 15. O-O O-O 16. b4 Rc8 17. Rac1 Qb6 18. Rc2 Rc7 19. Rfc1 Rfc8 20.
a4 Nd4 21. Nxd4 Qxd4 22. Qxd4 exd4 23. c5 dxc5 24. d6 Rd7 25. Rxc5 Rxc5 26.
Rxc5 f6 27. Rd5 Kf7 28. Kf1 Ke6 29. Rxd4 Rxd6 30. Rc4 Rc6 31. Rh4 h6 32.
Rg4 Rc7 33. Ke2 Kd5 34. Kd3 Ke5 35. Rc4 Rd7+ 36. Ke3 g5 37. h4 Kf5 38. g4+
Ke6 39. h5 b5 40. Rc6+ Rd6 41. Rxd6+ Kxd6 42. axb5 axb5 43. Kd4 Kc6 44. Ke4
Kd6 45. Kf5 Kd5 46. Kxf6 Kc4 47. Kg6 Kxb4 48. Kxh6 Kc3 49. Kxg5 b4 50. h6
b3 51. h7 b2 52. h8=Q+ Kc2 53. Qxb2+ Kxb2 54. Kf6 { Black resigns } 1-0

[Event "ICC tourney 2532 (25 5)"]
[Site "Internet Chess Club"]
[Date "2021.04.25"]
[Round "5"]
[White "FLORES, NANCY:K12-15939190"]
[Black "GARZA, JOSEPH:K12-14921655"]
[Result "1/2-1/2"]
[ICCResult "Game drawn because neither player has mating material"]
[WhiteElo "407"]
[BlackElo "999"]
[Opening "QGD: Semi-Tarrasch"]
[ECO "D50"]
[NIC "QO.16"]
[Time "11:01:47"]
[PlyCount "139"]
[TimeControl "1500+5"]

1. d4 d5 2. c4 e6 3. Nc3 Nf6 4. Bg5 c5 5. cxd5 exd5 6. Nf3 Be7 7. e3 O-O 8.
Bd3 c4 9. Bc2 b5 10. b3 a6 11. bxc4 bxc4 12. O-O Nc6 13. a3 Bg4 14. Ba4 Na5
15. Bxf6 Bxf6 16. h3 Bh5 17. g4 Bg6 18. Bc2 Nb7 19. Bxg6 fxg6 20. Rb1 Nd6
21. Na4 Rb8 22. Rxb8 Qxb8 23. Nc5 Ne4 24. Nd7 Nc3 25. Nxb8 Nxd1 26. Nd7 Rf7
27. Nxf6+ Rxf6 28. Rxd1 Rxf3 29. Kg2 Rf7 30. Rb1 Rc7 31. Kf1 c3 32. Rc1 c2
33. Ke2 Rc3 34. Kd2 Rxa3 35. Rxc2 a5 36. f3 a4 37. e4 dxe4 38. fxe4 Rxh3
39. Kc1 a3 40. Kb1 Re3 41. d5 Rxe4 42. d6 Rd4 43. Ra2 Rxd6 44. Rxa3 Rb6+
45. Kc2 Rc6+ 46. Kd2 Rc4 47. Rg3 Ra4 48. Ke2 Ra2+ 49. Kf1 Ra1+ 50. Kg2 Ra2+
51. Kh3 h6 52. g5 Kh7 53. gxh6 gxh6 54. Kh4 Ra4+ 55. Kh3 g5 56. Re3 Ra7 57.
Kg4 Ra6 58. Kh5 Kg8 59. Re7 Kf8 60. Rc7 Ke8 61. Rg7 Re6 62. Rb7 Re7 63. Rb6
Rh7 64. Re6+ Kf7 65. Rg6 Rh8 66. Rd6 Kg7 67. Rg6+ Kh7 68. Rxh6+ Kg7 69.
Rxh8 Kxh8 70. Kxg5 { Game drawn because neither player has mating material
} 1/2-1/2

[Event "ICC tourney 2532 (25 5)"]
[Site "Internet Chess Club"]
[Date "2021.04.25"]
[Round "5"]
[White "BRAWER, GRIFFIN:K12-15017121"]
[Black "MERO, DANIEL:K12-15247388"]
[Result "0-1"]
[ICCResult "White resigns"]
[WhiteElo "1241"]
[BlackElo "1858"]
[Opening "Queen's pawn game"]
[ECO "D02"]
[NIC "QP.08"]
[Time "11:00:59"]
[PlyCount "56"]
[TimeControl "1500+5"]

1. d4 d5 2. Nf3 e6 3. Bf4 Nf6 4. e3 Bd6 5. Bg5 h6 6. Bh4 O-O 7. c4 b6 8.
Nc3 Bb7 9. Bd3 Be7 10. O-O dxc4 11. Bxc4 c5 12. dxc5 Bxc5 13. Qxd8 Rxd8 14.
Bxf6 gxf6 15. Rad1 Nc6 16. h3 Kg7 17. a3 Ne5 18. Nxe5 fxe5 19. b4 Be7 20.
Rfe1 Rac8 21. Rxd8 Bxd8 22. Nb5 Rxc4 23. Nd6 Rc7 24. Rd1 Bc6 25. b5 Bd7 26.
Kh2 Be7 27. Ne4 Bxb5 28. Nc3 Rxc3 { White resigns } 0-1

[Event "ICC tourney 2532 (25 5)"]
[Site "Internet Chess Club"]
[Date "2021.04.25"]
[Round "5"]
[White "TRSTENJACK, NOAH:K12-16996473"]
[Black "JIANG, LEO:K12-14738650"]
[Result "0-1"]
[ICCResult "White checkmated"]
[WhiteElo "1241"]
[BlackElo "1871"]
[Opening "French: advance variation"]
[ECO "C02"]
[NIC "FR.03"]
[Time "11:01:28"]
[PlyCount "38"]
[TimeControl "1500+5"]

1. e4 e6 2. d4 d5 3. e5 c5 4. c4 dxc4 5. Bxc4 cxd4 6. Nf3 Nc6 7. b3 Bc5 8.
Bb2 Nge7 9. Nbd2 Ng6 10. Ne4 Bb4+ 11. Ke2 O-O 12. a3 Be7 13. Nxd4 Ncxe5 14.
Bd3 Nf4+ 15. Ke3 Nfxd3 16. Qh5 g6 17. Qe2 f5 18. Ng3 Bg5+ 19. f4 Bxf4# {
White checkmated } 0-1

[Event "ICC tourney 2532 (25 5)"]
[Site "Internet Chess Club"]
[Date "2021.04.25"]
[Round "5"]
[White "SG NATHAN, NITISH:K12-15494283"]
[Black "H WILLIAMS, JOSHUA:K12-14759594"]
[Result "1-0"]
[ICCResult "Black checkmated"]
[WhiteElo "1941"]
[BlackElo "1217"]
[Opening "Queen's pawn, Mason variation, Steinitz counter-gambit"]
[ECO "D00"]
[NIC "QP.08"]
[Time "11:01:12"]
[PlyCount "121"]
[TimeControl "1500+5"]

1. d4 d5 2. Bf4 c5 3. e3 cxd4 4. exd4 Nc6 5. c3 Bf5 6. Nd2 e6 7. Ngf3 Bd6
8. Bg3 Nf6 9. Qb3 Rb8 10. Be2 Bxg3 11. hxg3 O-O 12. Nh4 Re8 13. O-O Be4 14.
Rfe1 a6 15. f3 Bg6 16. Nxg6 hxg6 17. f4 Nh5 18. Bxh5 gxh5 19. Nf3 b5 20. a3
Qf6 21. Qc2 Ne7 22. Nh4 Nf5 23. Nxf5 Qxf5 24. Qxf5 exf5 25. Re5 g6 26. Kf2
Red8 27. Rae1 Rb7 28. Re8+ Rxe8 29. Rxe8+ Kg7 30. Rd8 Kf6 31. Rxd5 Ke7 32.
Re5+ Kd6 33. Ke3 f6 34. Re8 Re7+ 35. Rxe7 Kxe7 36. b3 Kd6 37. Kd3 g5 38. c4
Ke6 39. d5+ Kd6 40. Kd4 bxc4 41. bxc4 Kd7 42. Kc5 h4 43. gxh4 gxh4 44. Kb6
Kd6 45. c5+ Kxd5 46. c6 Kd4 47. c7 Ke3 48. c8=Q Kxf4 49. Qc6 a5 50. Qf3+
Kg5 51. Kxa5 f4 52. Kb5 f5 53. Kc5 h3 54. gxh3 Kh4 55. Qxf4+ Kxh3 56. Qxf5+
Kh4 57. Qg6 Kh3 58. Kd4 Kh4 59. Ke3 Kh3 60. Kf3 Kh4 61. Qg4# { Black
checkmated } 1-0

[Event "ICC tourney 2532 (25 5)"]
[Site "Internet Chess Club"]
[Date "2021.04.25"]
[Round "5"]
[White "MUTHUPANDIYAN, SHIV:K12-15901317"]
[Black "S LALWANI, JAY:K12-14566972"]
[Result "0-1"]
[ICCResult "White checkmated"]
[WhiteElo "1266"]
[BlackElo "1903"]
[Opening "French: advance variation"]
[ECO "B22"]
[NIC "SI.46"]
[Time "11:01:13"]
[PlyCount "88"]
[TimeControl "1500+5"]

1. e4 c5 2. c3 d5 3. e5 Nc6 4. d4 e6 5. f4 Nh6 6. Nf3 Nf5 7. Bb5 Bd7 8. O-O
a6 9. Bxc6 Bxc6 10. Nbd2 Ne3 11. Qe2 Nxf1 12. Qxf1 Be7 13. Nb3 c4 14. Nbd2
b5 15. b4 a5 16. Ba3 axb4 17. Bxb4 Bxb4 18. cxb4 O-O 19. Nb1 Ra4 20. a3 Qa8
21. Qc1 Rxb4 22. axb4 Qxa1 23. Nfd2 Qxd4+ 24. Kh1 Qxf4 25. Nc3 d4 26. Ne2
Qxe5 27. Ng3 Ra8 28. Ndf1 d3 29. Qd2 Ra1 30. Qf2 Qe1 31. Kg1 Qxf2+ 32. Kxf2
Ra2+ 33. Ke3 Rxg2 34. Nd2 Rxh2 35. Nge4 Re2+ 36. Kd4 Bxe4 37. Nxe4 Rxe4+
38. Kxe4 d2 39. Kd4 d1=Q+ 40. Kc3 Qb3+ 41. Kd2 c3+ 42. Kd3 c2+ 43. Kd4 c1=Q
44. Ke4 Qd5# { White checkmated } 0-1

[Event "ICC tourney 2532 (25 5)"]
[Site "Internet Chess Club"]
[Date "2021.04.25"]
[Round "5"]
[White "XIAO, EDWARD:K12-15784954"]
[Black "YOGESH MEHTA, HARSHIL:K12-14612857"]
[Result "1-0"]
[ICCResult "Black resigns"]
[WhiteElo "1942"]
[BlackElo "1288"]
[Opening "Giuoco Piano"]
[ECO "C53"]
[NIC "IG.02"]
[Time "11:01:29"]
[PlyCount "56"]
[TimeControl "1500+5"]

1. e4 e5 2. Nf3 Nc6 3. Bc4 Bc5 4. c3 Nge7 5. Ng5 O-O 6. Qh5 h6 7. Nxf7 Rxf7
8. Qxf7+ Kh8 9. O-O d6 10. b4 Bb6 11. a4 a6 12. d3 Bg4 13. Be3 Qd7 14. Bxb6
cxb6 15. f3 Bh3 16. gxh3 Qxh3 17. Qe6 Qh4 18. Qg4 Qf6 19. Nd2 Ng6 20. Kh1
Nf4 21. Rg1 Re8 22. Nf1 Ne2 23. Ne3 Nxg1 24. Rxg1 Rf8 25. Nf5 g5 26. Qh5
Kh7 27. h4 Rg8 28. Bxg8+ Kxg8 { Black resigns } 1-0

[Event "ICC tourney 2532 (25 5)"]
[Site "Internet Chess Club"]
[Date "2021.04.25"]
[Round "5"]
[White "HENRY MOSES, KOLE:K12-14682221"]
[Black "HUA, CHARLES:K12-14763433"]
[Result "1-0"]
[ICCResult "Black resigns"]
[WhiteElo "1347"]
[BlackElo "2108"]
[Opening "Sicilian: Kan, 5.Nc3"]
[ECO "B43"]
[NIC "SI.41"]
[Time "11:01:35"]
[PlyCount "43"]
[TimeControl "1500+5"]

1. e4 c5 2. Nf3 e6 3. d4 cxd4 4. Nxd4 a6 5. Nc3 Qc7 6. Bd3 Nf6 7. Bg5 Be7
8. f4 d6 9. Qf3 Nbd7 10. O-O-O b5 11. Bxf6 gxf6 12. f5 e5 13. Nd5 Qb7 14.
Nb3 Nb6 15. Na5 Qa7 16. Nc6 Qb7 17. Ncxe7 Nd7 18. g4 h6 19. h4 Rf8 20. Qe3
Qa7 21. Qxa7 Rxa7 22. Nxc8 { Black resigns } 1-0

[Event "ICC tourney 2532 (25 5)"]
[Site "Internet Chess Club"]
[Date "2021.04.25"]
[Round "5"]
[White "JOSHI, RAJAS:K12-16991627"]
[Black "GRABINSKY, JOSHUA:K12-14729181"]
[Result "0-1"]
[ICCResult "White checkmated"]
[WhiteElo "749"]
[BlackElo "2315"]
[Opening "French: advance, Paulsen attack"]
[ECO "C02"]
[NIC "FR.03"]
[Time "11:02:22"]
[PlyCount "118"]
[TimeControl "1500+5"]

1. e4 e6 2. d4 d5 3. e5 c5 4. c3 Nc6 5. Nf3 Qb6 6. Be3 Qxb2 7. Nbd2 Qxc3 8.
Rc1 Qa5 9. dxc5 Nh6 10. Bxh6 gxh6 11. Qb3 Bxc5 12. Qb5 Qxb5 13. Bxb5 Be7
14. Bxc6+ bxc6 15. Rxc6 Bd7 16. Rc1 Rg8 17. O-O a5 18. Rc7 Bd8 19. Rb7 Rg4
20. Rfb1 Rc8 21. Ra7 Rb4 22. Rxb4 axb4 23. Nb3 Rc2 24. Nfd4 Rb2 25. Kf1 Bb6
26. Rb7 Bxd4 27. Nxd4 Bc8 28. Ra7 Bd7 29. Ke1 h5 30. Ra8+ Ke7 31. Ra7 Kd8
32. Ra8+ Kc7 33. Rh8 Rxa2 34. Rxh7 Ba4 35. Rxf7+ Kb6 36. Nxe6 b3 37. Nf4 b2
38. Nxd5+ Kc5 39. Nc3 Kc4 40. Rf3 Ra1+ 41. Kd2 Rc1 42. Rf4+ Kb3 43. Ne2
Rc2+ 44. Ke3 Rxe2+ 45. Kxe2 b1=Q 46. Rf3+ Kc2 47. Ke3 Bc6 48. Kf4 Bxf3 49.
gxf3 Qb3 50. Kg3 Qe6 51. Kf4 Kd3 52. h4 Kd4 53. Kg5 Qxe5+ 54. Kg6 Qd5 55.
f4 Ke4 56. Kg7 Kf5 57. Kf8 Kf6 58. Ke8 Qd6 59. f5 Qe7# { White checkmated }
0-1

[Event "ICC tourney 2532 (25 5)"]
[Site "Internet Chess Club"]
[Date "2021.04.25"]
[Round "5"]
[White "MILLER COY, MATTHEW:K12-14688435"]
[Black "BAKER NAGAR, SIKANDER:K12-16973491"]
[Result "1-0"]
[ICCResult "Black resigns"]
[WhiteElo "1954"]
[BlackElo "1383"]
[Opening "King's Indian: orthodox, Aronin-Taimanov variation (Yugoslav attack / Mar del Plata variation)"]
[ECO "E97"]
[NIC "KI.15"]
[Time "11:00:59"]
[PlyCount "83"]
[TimeControl "1500+5"]

1. d4 Nf6 2. c4 g6 3. Nc3 Bg7 4. e4 d6 5. Nf3 O-O 6. Be2 e5 7. O-O Nc6 8.
dxe5 dxe5 9. Bg5 Be6 10. Qxd8 Raxd8 11. Nd5 Bxd5 12. exd5 Nd4 13. Nxd4 exd4
14. Rfd1 h6 15. Bf4 c5 16. Bf3 g5 17. Bg3 g4 18. Be2 h5 19. Bd3 Rfe8 20.
Re1 Bf8 21. Bh4 Rxe1+ 22. Rxe1 Re8 23. Rxe8 Nxe8 24. f3 gxf3 25. gxf3 Kg7
26. Kf2 Nd6 27. b3 f5 28. Bd8 Nf7 29. Ba5 Kf6 30. f4 Bd6 31. Kf3 Nh6 32. h3
b6 33. Be1 Ng8 34. a3 a5 35. Bh4+ Kg6 36. Bd8 Nf6 37. Bxb6 h4 38. Bxa5 Nh5
39. Bd2 Ng3 40. b4 Nh5 41. bxc5 Bxc5 42. Bb4 { Black resigns } 1-0

[Event "ICC tourney 2532 (25 5)"]
[Site "Internet Chess Club"]
[Date "2021.04.25"]
[Round "5"]
[White "PRAKASH SINGH, AAYUSH:K12-14598152"]
[Black "TAHMASSEBI, BIJAN:K12-14989940"]
[Result "0-1"]
[ICCResult "White resigns"]
[WhiteElo "1787"]
[BlackElo "2174"]
[Opening "Four knights: Spanish variation"]
[ECO "C48"]
[NIC "KP.03"]
[Time "11:04:38"]
[PlyCount "54"]
[TimeControl "1500+5"]

1. e4 e5 2. Nf3 Nc6 3. Nc3 Nf6 4. Bb5 d6 5. d4 exd4 6. Nxd4 Bd7 7. Bxc6
bxc6 8. O-O Be7 9. f4 O-O 10. Qf3 d5 11. e5 Bc5 12. Be3 Ng4 13. Nce2 Bb6
14. Kh1 c5 15. Nb3 Qh4 16. h3 Nxe3 17. Qxe3 c4 18. Nbd4 c5 19. Nf3 Qh6 20.
c3 Rad8 21. Nh2 Bf5 22. Rad1 Bd3 23. Ng4 Qc6 24. f5 d4 25. Qg5 h6 26. Nxh6+
Qxh6 27. Qxh6 gxh6 { White resigns } 0-1

[Event "ICC tourney 2532 (25 5)"]
[Site "Internet Chess Club"]
[Date "2021.04.25"]
[Round "5"]
[White "MUKHERJEE, ADITYA:K12-15344130"]
[Black "BANSAL, ADVAY:K12-16068511"]
[Result "0-1"]
[ICCResult "White resigns"]
[WhiteElo "1434"]
[BlackElo "1974"]
[Opening "Réti: King's Indian attack"]
[ECO "A05"]
[NIC "QP.11"]
[Time "11:00:56"]
[PlyCount "54"]
[TimeControl "1500+5"]

1. Nf3 Nf6 2. g3 g6 3. Bg2 Bg7 4. O-O d5 5. d3 O-O 6. Nbd2 c5 7. c4 Nc6 8.
cxd5 Nxd5 9. Ne1 e5 10. Qc2 b6 11. a3 Be6 12. e4 Nde7 13. b3 Nd4 14. Qb1
Nec6 15. Bb2 g5 16. Bxd4 Nxd4 17. Nef3 g4 18. Nxd4 Qxd4 19. Rd1 Rad8 20.
Qc2 Qxd3 21. Qxd3 Rxd3 22. b4 Rfd8 23. bxc5 bxc5 24. Bf1 Rxd2 25. Rdc1 Bf8
26. Rab1 c4 27. a4 Bc5 { White resigns } 0-1

[Event "ICC tourney 2532 (25 5)"]
[Site "Internet Chess Club"]
[Date "2021.04.25"]
[Round "5"]
[White "GUPTA, ESHAN:K12-16099390"]
[Black "DUSK RUBENSTEIN, OLIVER:K12-14452644"]
[Result "0-1"]
[ICCResult "White resigns"]
[WhiteElo "1659"]
[BlackElo "660"]
[Opening "Sicilian: dragon variation"]
[ECO "B70"]
[NIC "SI.15"]
[Time "11:02:20"]
[PlyCount "120"]
[TimeControl "1500+5"]

1. e4 c5 2. Nf3 d6 3. d4 cxd4 4. Nxd4 Nf6 5. Nc3 g6 6. Bc4 Bg7 7. O-O O-O
8. Be3 Ng4 9. Qf3 Nc6 10. Nxc6 bxc6 11. Bg5 Ne5 12. Qe2 Nxc4 13. Qxc4 Qb6
14. Qb3 Qc7 15. Qc4 Be6 16. Nd5 Qb7 17. Nxe7+ Qxe7 18. Bxe7 Bxc4 19. Bxf8
Bxf1 20. Bxd6 Bc4 21. Ba3 Rd8 22. Re1 Bxa2 23. g3 Rd2 24. c3 Bf8 25. b4 Rd3
26. Rc1 a5 27. Kg2 axb4 28. Bxb4 Bxb4 29. cxb4 Rd6 30. Kf3 Kg7 31. e5 Bd5+
32. Kf4 Re6 33. h4 h5 34. Rc5 f6 35. b5 Rxe5 36. bxc6 Re4+ 37. Kf3 Re5+ 38.
Kf4 Be6 39. Rxe5 fxe5+ 40. Kxe5 Bc8 41. Kd6 Kf6 42. Kc7 Ba6 43. Kd7 Kf5 44.
c7 Kg4 45. c8=Q Bxc8+ 46. Kxc8 Kf3 47. Kd7 Kxf2 48. Ke6 Kxg3 49. Ke5 Kxh4
50. Kf4 g5+ 51. Kf3 Kh3 52. Kf2 Kh2 53. Kf3 g4+ 54. Kf4 g3 55. Kg5 h4 56.
Kh5 g2 57. Kxh4 g1=Q 58. Kh5 Qg3 59. Kh6 Kg2 60. Kh7 Kf3 { White resigns }
0-1

[Event "ICC tourney 2532 (25 5)"]
[Site "Internet Chess Club"]
[Date "2021.04.25"]
[Round "5"]
[White "SARTORIO, WILLIAM:K12-14715380"]
[Black "POTHURI, ABHINAV:K12-14936890"]
[Result "1-0"]
[ICCResult "Black checkmated"]
[WhiteElo "2063"]
[BlackElo "1408"]
[Opening "Giuoco Piano"]
[ECO "C54"]
[NIC "IG.02"]
[Time "11:01:33"]
[PlyCount "71"]
[TimeControl "1500+5"]

1. e4 e5 2. Nf3 Nc6 3. Bc4 Bc5 4. c3 Nf6 5. d3 h6 6. b4 Bb6 7. b5 Na5 8.
Nxe5 Nxc4 9. Nxc4 d6 10. Nxb6 axb6 11. O-O O-O 12. Nd2 Bd7 13. c4 c6 14.
bxc6 bxc6 15. Bb2 Re8 16. Nf3 Bg4 17. h3 Bh5 18. g4 Bg6 19. Nh4 Bh7 20. Nf5
Bxf5 21. gxf5 Nh7 22. Qg4 Qg5 23. f4 Qxg4+ 24. hxg4 f6 25. a3 Rad8 26. Rae1
d5 27. cxd5 cxd5 28. e5 d4 29. e6 b5 30. Re4 Kf8 31. Rfe1 Re7 32. Rxd4 Rxd4
33. Bxd4 Ke8 34. Rc1 Rb7 35. Rc8+ Ke7 36. Bc5# { Black checkmated } 1-0

[Event "ICC tourney 2532 (25 5)"]
[Site "Internet Chess Club"]
[Date "2021.04.25"]
[Round "5"]
[White "Z HUANG, KYLAN:K12-15496871"]
[Black "E KENNEDY, BENJAMIN:K12-14963224"]
[Result "1-0"]
[ICCResult "Black resigns"]
[WhiteElo "1868"]
[BlackElo "1368"]
[Opening "Sicilian: Alapin's variation (2.c3)"]
[ECO "B22"]
[NIC "SI.46"]
[Time "11:00:56"]
[PlyCount "67"]
[TimeControl "1500+5"]

1. e4 c5 2. c3 d6 3. d4 cxd4 4. cxd4 Nc6 5. h3 g6 6. Nf3 Bg7 7. Nc3 Qb6 8.
Nd5 Qd8 9. Be3 Nf6 10. Nxf6+ Bxf6 11. Bc4 Qb6 12. Qd2 Qc7 13. O-O O-O 14.
Rac1 Qd7 15. Bb5 a6 16. Ba4 b5 17. Bb3 Nd8 18. Qa5 Ne6 19. d5 Ng7 20. Rc7
Qe8 21. Bd4 e5 22. Be3 Bd8 23. Bb6 Bxc7 24. Bxc7 Qd7 25. Qb6 Ne8 26. Rc1
Nxc7 27. Rxc7 Qd8 28. Qc6 f5 29. Nxe5 dxe5 30. d6+ Kh8 31. Qxa8 Bd7 32. Qb7
Qg5 33. Qa7 Qh6 34. Rxd7 { Black resigns } 1-0